 Dungeon Crawl Stone Soup version 0.22-a0-305-gd21a89c (webtiles) character file.

44 Amnesiac the Skirmisher (level 3, 0/29 HPs)
             Began as a Mummy Fighter on Mar 31, 2018.
             Slain by an adder (1 damage)
             ... on level 3 of the Dungeon.
             The game lasted 00:02:06 (1175 turns).

Amnesiac the Skirmisher (Mummy Fighter)             Turns: 1175, Time: 00:02:07

Health: 0/29       AC:  6    Str: 20    XL:     3   Next: 39%
Magic:  3/3        EV:  8    Int:  7    God:
Gold:   56         SH:  8    Dex: 11    Spells: 2/2 levels left

rFire    x . .     SeeInvis .   a - +0 long sword
rCold    + . .     Gourm    .   c - +0 shield
rNeg     + + +     Faith    .   b - +0 scale mail
rPois    ∞         Spirit   .   (no helmet)
rElec    .         Reflect  .   (no cloak)
rCorr    .         Harm     .   (no gloves)
MR       .....                  (no boots)
Stlth    ..........             (no amulet)
HPRegen  0.09/turn              j - ring of flight
MPRegen  0.08/turn              (no ring)

@: no status effects
A: no food or potions, fire vulnerability, cold resistance 1, negative energy
resistance 3, torment resistance, unbreathing
a: Evoke Flight


You were on level 3 of the Dungeon.
You were not hungry.

You visited 1 branch of the dungeon, and saw 4 of its levels.

You collected 56 gold pieces.

Inventory:

Hand Weapons
 a - a +0 long sword (weapon)
Armour
 b - a +0 scale mail (worn)
 c - a +0 shield (worn)
Jewellery
 j - a ring of flight (left hand)
Scrolls
 d - 2 scrolls of teleportation {!r, unknown}
 e - a scroll of enchant armour {!r, unknown}
 f - a scroll of remove curse {!r, unknown}
 g - a scroll of magic mapping {!r, unknown}
 h - a scroll of blinking {!r, unknown}
 i - a scroll of random uselessness {!r, unknown}


   Skills:
 - Level 3.0 Fighting
 - Level 2.4 Long Blades
 - Level 2.4 Armour
 + Level 1.8 Dodging
 - Level 2.4 Shields


You had 2 spell levels left.
You didn't know any spells.

Dungeon Overview and Level Annotations

Branches:
Dungeon (4/15)
 Temple: D:4-7

Altars:
Wu Jian

Annotations:
D:3 Nuz's ghost, amateur DrCj


Innate Abilities, Weirdness & Mutations

You do not eat or drink.
Your flesh is vulnerable to fire.
You are immune to poison.
Your flesh is cold resistant. (rC+)
You are immune to negative energy. (rN+++)
You are immune to unholy pain and torment.
You can survive without breathing.


Message History

The adder is heavily wounded.
The adder bites you.
You miss the adder.
The adder is heavily wounded.
You block the adder's attack. The worker ant barely misses you.
You block the adder's attack.
The worker ant bites you but does no damage.
Your shield and scale mail prevent you from hitting the adder.
The adder is heavily wounded.
The adder completely misses you.
You riposte.
You miss the adder.
The adder is heavily wounded.
You block the worker ant's attack. The adder bites you but does no damage.
The worker ant bites you.
* * * LOW HITPOINT WARNING * * *
You hit the adder.
The adder is severely wounded.
You block the adder's attack. The worker ant bites you.
* * * LOW HITPOINT WARNING * * *
The adder closely misses you.
Your shield and scale mail prevent you from hitting the adder.
The adder is severely wounded.
The worker ant barely misses you. You block the adder's attack.
The worker ant bites you but does no damage.
The adder closely misses you.
You miss the adder.
The adder is severely wounded.
You block the worker ant's attack. The adder barely misses you.
The worker ant barely misses you. The adder barely misses you.
You closely miss the adder.
The adder is severely wounded.
The adder bites you but does no damage. The worker ant bites you.
* * * LOW HITPOINT WARNING * * *
The adder completely misses you.
You miss the adder.
The adder is severely wounded.
The worker ant bites you but does no damage.
The adder closely misses you.
You riposte.
You barely miss the adder.
The adder is severely wounded.
The worker ant bites you but does no damage.
You miss the adder.
The adder is severely wounded.
The adder barely misses you.
You riposte.
You closely miss the adder.
The adder is severely wounded.
The worker ant completely misses you.
You riposte.
You hit the worker ant but do no damage.
You block the adder's attack. The worker ant bites you.
* * * LOW HITPOINT WARNING * * *
You miss the adder.
The adder is heavily wounded.
You block the adder's attack. The worker ant closely misses you.
The adder bites you.
* * * LOW HITPOINT WARNING * * *
The worker ant bites you but does no damage.
You completely miss the adder.
The adder is heavily wounded.
The adder bites you but does no damage. You block the worker ant's attack.
The adder bites you.
* * * LOW HITPOINT WARNING * * *
You hit the adder.
The adder is severely wounded.
The worker ant bites you but does no damage.
You block the adder's attack. You block the worker ant's attack.
The adder bites you.
You die...

#.......#.... ..
#...........
...##....)......
.......)....#
...##.......#
#.......#
#....>..#
#.....aS#
#......@#
#########


You could see a worker ant and an adder.

Vanquished Creatures
  3 adders
  2 leopard geckos
  3 orcs (D:4)
  A hobgoblin (D:3)
  2 kobolds
  A quokka (D:2)
  A frilled lizard (D:4)
13 creatures vanquished.

Notes
Turn   | Place    | Note
-------+----------+-------------------------------------------
     0 | D:1      | Amnesiac the Mummy Fighter began the quest for the Orb.
     0 | D:1      | Reached XP level 1. HP: 18/18 MP: 1/1
   347 | D:2      | Reached skill level 1 in Dodging
   347 | D:2      | Reached XP level 2. HP: 13/24 MP: 2/2
   511 | D:3      | Noticed Nuz's ghost (amateur DrCj)
   617 | D:4      | Reached XP level 3. HP: 25/29 MP: 3/3
   870 | D:4      | Found an ornate altar of the Wu Jian Council.
   930 | D:4      | Noticed a scorpion
  1174 | D:3      | HP: 1/29 [adder (2)]
  1175 | D:3      | Slain by an adder

Vault maps used:
D:1:      minmay_arrival_pointy, minmay_rat_gold_closets
D:2:      zin_angel, small_statue_intersection, nicolae_qazlal_style_of_elements
D:3:      lemuel_round_altar, minmay_misc_feat_hallway, minmay_door_square
D:4:      lemuel_doored_altar, first_ration

Skill      XL: |  1 |
---------------+----+-----
Long Blades    | 2 |  2.4
Dodging        | 1 |  1.8
Fighting       | |  3.0
Armour         | |  2.4
Shields        | |  2.4

Action                   || total
-------------------------++-------
Melee: Long sword        ||    75
Armor: Scale mail        ||    34
Dodge: Dodged            ||    31
Block: Shield            ||    42
       Rpst.: Long sword ||    11

Table legend:
 A = Spawn XP
 B = Non-spawn XP
 C = Spawn XP percentage of total XP
 D = Spawn monster count
 E = Non-spawn monster count
 F = Spawn count percentage of total count
 G = Total turns spent on level
                    A         B        C        D         E        F      G
               +---------+---------+-------+---------+---------+-------+---------
         Total |       0 |      63 |   0.0 |       0 |      13 |   0.0 |  1175
               +---------+---------+-------+---------+---------+-------+---------
           D:2 |       0 |      33 |   0.0 |       0 |       5 |   0.0 |   447
           D:3 |       0 |       4 |   0.0 |       0 |       2 |   0.0 |   175
           D:4 |       0 |      26 |   0.0 |       0 |       6 |   0.0 |   503
               +---------+---------+-------+---------+---------+-------+---------
